 Dungeon Crawl Stone Soup version 0.28-a0-1395-g4f6bc678fa (webtiles) character file.

Game seed: 7129000240787182316

23 Cheeritup the Chopper (level 2, -2/25 HPs)
             Began as a Palentonga Fighter on Jan 4, 2022.
             Succumbed to a goblin's poison
             ... on level 1 of the Dungeon.
             The game lasted 00:01:46 (870 turns).

Cheeritup the Chopper (Palentonga Fighter)           Turns: 870, Time: 00:01:47

Health: -2/25      AC:  6    Str: 19    XL:     2   Next: 72%
Magic:  2/2        EV:  7    Int:  8    God:
Gold:   23         SH:  4    Dex:  9    Spells: 1/1 levels left

rFire   . . .      SeeInvis +   a - +0 war axe
rCold   . . .      Faith    .   c - +0 buckler
rNeg    . . .      Spirit   .   b - +0 scale mail
rPois   .          Reflect  .   (no helmet)
rElec   .          Harm     .   (no cloak)
rCorr   .          Rampage  .   (no gloves)
Will    .....                   (no barding)
Stlth   ..........              (no amulet)
HPRegen 0.08/turn               (no ring)
MPRegen 0.08/turn               (no ring)

@: lethally poisoned (-2 -> -21)
A: large, rugged brown scales 3, see invisible, deformed body, roll 1, armoured
tail
a: Rolling Charge


You were on level 1 of the Dungeon.
You visited 1 branch of the dungeon, and saw 1 of its levels.

You collected 23 gold pieces.

Inventory:

Hand Weapons
 a - a +0 war axe (weapon)
Armour
 b - a +0 scale mail (worn)
 c - a +0 buckler (worn)
Scrolls
 e - a scroll of noise {unknown}
 f - a scroll of identify {unknown}
Potions
 d - a potion of might


   Skills:
 - Level 3.0 Fighting
 + Level 3.3 Axes
 - Level 2.4 Armour
 - Level 2.4 Shields


You had one spell level left.
You didn't know any spells.
Your spell library contained the following spells:

 Spells                   Type           Power      Damage    Failure   Level
 Shock                    Conj/Air       0%         1d3       78%         1
 Swiftness                Air            0%         N/A       98%         3
 Airstrike                Air            0%         N/A       100%        4


Dungeon Overview and Level Annotations

Branches:
Dungeon (1/15)

Altars:


Innate Abilities, Weirdness & Mutations

You are completely covered in rugged brown scales. (AC +3, +7% HP)
You have supernaturally acute eyesight. (SInv)
Armour fits poorly on your strangely shaped body.
You can roll at nearby foes to attack.
You have a long armoured tail.


Message History

You slash the hobgoblin!
You kill the hobgoblin!
The kobold throws a stone.
The stone hits you but does no damage.
Roll where?
Press: ? - help, Q - select action Dir - move target, f - kobold
Aim: a kobold, wielding a +0 club and quivering stones You roll forward with a clatter of scales!
You barely miss the kobold.
Your tail-slap misses the kobold.
The kobold hits you but does no damage.
The goblin hits you with a +1 dagger of venom.
You are poisoned.
Unknown command.
You feel very sick. The kobold hits you with a +0 club.
You barely miss the kobold. You barely miss the goblin.
You feel sick. The kobold hits you but does no damage.
The goblin hits you but does no damage.
You are more poisoned.
The kobold barely misses you.
You slash the kobold!
You kill the kobold!
You hit the goblin.
You feel very sick. You block the goblin's attack.
You barely miss the goblin.
Your tail-slap misses the goblin.
The goblin is heavily wounded.
You feel sick.
The goblin hits you with a +1 dagger of venom.
You are lethally poisoned!
The goblin hits you but does no damage.
You are more poisoned.
You slash the goblin!
You kill the goblin!
You hit the rat.
* * * LOW HITPOINT WARNING * * *
You feel extremely sick. You block the rat's attack.
You slash the rat!
You kill the rat!
You die...

#. ##....##..#
#..#..##..######..
#..##....## ###.#
#..####...####...# #..#
##.......#.# #..#
##.###.#### #..# ######
##.# #..##..# #.###
#@.'.# ##...
..r####))### ######
.........##########.....
....###†................
#. #..####...........
#..# #........... #..#
#........... #..#
#....[...... #..#
#.........(.


There were no monsters in sight!

Vanquished Creatures
  2 ball pythons (D:1)
  A bat (D:1)
  2 endoplasms (D:1)
  3 hobgoblins (D:1)
  3 kobolds (D:1)
  2 quokkas (D:1)
  A frilled lizard (D:1)
  3 goblins (D:1)
  2 rats (D:1)
19 creatures vanquished.

Notes
Turn   | Place    | Note
-------+----------+-------------------------------------------
     0 | D:1      | Cheeritup the Palentonga Fighter began the quest for the
                  | Orb.
     0 | D:1      | Reached XP level 1. HP: 19/19 MP: 1/1
   429 | D:1      | Reached XP level 2. HP: 25/25 MP: 2/2
   870 | D:1      | Succumbed to a goblin's poison

Illustrated notes

Levels and vault maps discovered:
D:1:      dpeg_arrival_round_a, layout_basic

Skill      XL: |  1  2 |
---------------+-------+-----
Axes           | 3 |  3.3
Fighting       | |  3.0
Armour         | |  2.4
Shields        | |  2.4

Action                   || total
-------------------------++-------
Melee: War axe           ||    51
       Tailslap          ||     3
 Abil: Rolling Charge    ||    10
Armor: Scale mail        ||    27
Dodge: Dodged            ||    18
Block: Buckler           ||     7

Table legend: (Time is in decaauts)
 A = Elapsed time spent in this place.
 B = Non-inter-level travel time spent in this place.
 C = Inter-level travel time spent in this place.
 D = Time resting spent in this place.
 E = Time spent auto-exploring this place.
 F = Levels seen in this place.
 G = Mean time per level.
                   A        B        C        D        E       F      G
               +--------+--------+--------+--------+--------+-----+--------+
         Total |    887 |    887 |      0 |      0 |    771 |   1 |  887.0 |
       Dungeon |    887 |    887 |      0 |      0 |    771 |   1 |  887.0 |
               +--------+--------+--------+--------+--------+-----+--------+

Top non-repeatable levels by time:
     D:1: 887 daAuts
